PBL
PORTLAND ANGELS @ ROSWELL INVADERS
07/16/2047
 
TOP OF THE 1ST
Portland Angels batting - Pitching for Roswell Invaders : RHP Jason Maki
Pitching: RHP Jason Maki
Batting: RHB Dan Contreras 0-0: SINGLE (Groundball, 34S, EV 98.1 MPH)
Batting: SHB Yuya Hirata 0-0: Called Strike
Dan Contreras steals 2nd base
0-1: Called Strike
0-2: Strikes out looking
Batting: LHB Ramon Garduno 0-0: Called Strike
Balk!
Dan Contreras to third
0-1: Ball
1-1: Ball
2-1: DOUBLE (Line Drive, 78D, EV 107.5 MPH)
Dan Contreras scores
Batting: RHB Alex Rosaly 0-0: Called Strike
0-1: Ball
1-1: Swinging Strike
1-2: Ball
2-2: Strikes out swinging
Batting: RHB Arnaud Derosiers 0-0: Ball
1-0: Called Strike
1-1: Foul Ball, location: 2F
1-2: Ball
2-2: Strikes out swinging
Top of the 1st over - 1 run, 2 hits, 0 errors, 1 left on base; Portland 1 - Roswell 0
BOTTOM OF THE 1ST
Roswell Invaders batting - Pitching for Portland Angels : RHP George Leroux
Pitching: RHP George Leroux
Batting: RHB Mike Smith 0-0: Ball
1-0: Ball
2-0: Called Strike
2-1: SOLO HOME RUN (Line Drive, 7D, EV 95.0 MPH), Distance : 381 ft
Batting: LHB Angelo Lira 0-0: Ball
1-0: Called Strike
1-1: Ball
2-1: Ground out 6-3 (Groundball, 6M, EV 88.1 MPH)
Batting: LHB Ivan Cortez 0-0: Foul Ball, location: 2F
0-1: Ball
1-1: Ball
2-1: Foul Ball, location: 2F
2-2: Foul Ball, location: 2F
2-2: Foul Ball, location: 2F
2-2: Fly out, F8 (Flyball, 8RD, EV 103.1 MPH)
Batting: RHB Homer Petropoulos 0-0: Ball
1-0: Called Strike
1-1: Ball
2-1: Ground out 4-3 (Groundball, 4, EV 83.8 MPH)
Bottom of the 1st over - 1 run, 1 hit, 0 errors, 0 left on base; Portland 1 - Roswell 1
TOP OF THE 2ND
Portland Angels batting - Pitching for Roswell Invaders : RHP Jason Maki
Batting: LHB Kevin Feldman 0-0: Fly out, F9 (Flyball, 9D, EV 89.4 MPH)
Batting: RHB Mario Martinez 0-0: Ball
1-0: Called Strike
1-1: Called Strike
1-2: Strikes out swinging
Batting: RHB Carlos Gonzales 0-0: Called Strike
0-1: SINGLE (Groundball, 4D, EV 100.0 MPH)
Batting: LHB David Coatney 0-0: Foul Ball, location: 2F
0-1: Ball
1-1: Ball
2-1: Called Strike
Carlos Gonzales steals 2nd base
2-2: Foul Ball, location: 2F
2-2: Foul Ball, location: 2F
2-2: Ball
3-2: Strikes out swinging
Top of the 2nd over - 0 runs, 1 hit, 0 errors, 1 left on base; Portland 1 - Roswell 1
BOTTOM OF THE 2ND
Roswell Invaders batting - Pitching for Portland Angels : RHP George Leroux
Batting: RHB Hidemitsu Matsuno 0-0: Fly out, F8 (Flyball, 8RXD, EV 101.2 MPH)
Batting: RHB Shing Mah 0-0: Foul Ball, location: 2F
0-1: SOLO HOME RUN (Flyball, 9D, EV 101.9 MPH), Distance : 385 ft
Batting: RHB Carlos Gonzalez 0-0: Called Strike
0-1: Ball
1-1: Ball
2-1: Swinging Strike
2-2: Strikes out looking
Batting: LHB Andrew Moore 0-0: Called Strike
0-1: Ball
1-1: Called Strike
1-2: Ball
2-2: Strikes out swinging
Bottom of the 2nd over - 1 run, 1 hit, 0 errors, 0 left on base; Portland 1 - Roswell 2
TOP OF THE 3RD
Portland Angels batting - Pitching for Roswell Invaders : RHP Jason Maki
Batting: RHB Dan Contreras 0-0: Swinging Strike
0-1: Bunt for hit to 2R - play at first, batter OUT! 2-3
Batting: SHB Yuya Hirata 0-0: Ball
1-0: Foul Ball, location: 2F
1-1: Ball
2-1: Ground out 1-3 (Groundball, 13S, EV 63.8 MPH)
Batting: LHB Ramon Garduno 0-0: Foul Ball, location: 2F
0-1: Ball
1-1: Fly out, F9 (Line Drive, 9LS, EV 86.9 MPH)
Top of the 3rd over - 0 runs, 0 hits, 0 errors, 0 left on base; Portland 1 - Roswell 2
BOTTOM OF THE 3RD
Roswell Invaders batting - Pitching for Portland Angels : RHP George Leroux
Batting: RHB Dave Beerman 0-0: Called Strike
0-1: Ball
1-1: Reached on error, E6 (Groundball, 56, EV 100.0 MPH)
Batting: RHB Mike Smith 0-0: Called Strike
0-1: Ball
Wild Pitch!
Dave Beerman to third
1-1: Ball
2-1: Ball
3-1: Called Strike
3-2: Fly out, F9 (Line Drive, 3D, EV 63.8 MPH)
Batting: LHB Angelo Lira 0-0: Ball
1-0: Swinging Strike
1-1: Foul Ball, location: 2F
1-2: Strikes out swinging
Batting: LHB Ivan Cortez 0-0: Ball
1-0: Ball
2-0: Ball
3-0: Base on Balls
Batting: RHB Homer Petropoulos 0-0: Called Strike
0-1: Ball
Passed Ball!
Dave Beerman scores
Ivan Cortez to second
1-1: Swinging Strike
1-2: SINGLE (Groundball, 4MD, EV 108.1 MPH)
Ivan Cortez to third
Runner from 3rd tries for Home, SAFE, throw by CF to home
Homer Petropoulos to second
Batting: RHB Hidemitsu Matsuno 0-0: Ball
1-0: Called Strike
1-1: Ground out 5-3 (Groundball, 56, EV 88.1 MPH)
Bottom of the 3rd over - 2 runs, 1 hit, 1 error, 1 left on base; Portland 1 - Roswell 4
TOP OF THE 4TH
Portland Angels batting - Pitching for Roswell Invaders : RHP Jason Maki
Batting: RHB Alex Rosaly 0-0: Ball
1-0: Foul Ball, location: 2F
1-1: Ball
2-1: Called Strike
2-2: Foul Ball, location: 2F
2-2: SINGLE (Line Drive, 78S, EV 108.8 MPH)
Batting: RHB Arnaud Derosiers 0-0: Called Strike
0-1: Grounds into double play, 3-6-3 (Groundball, 3, EV 87.5 MPH)
Batting: LHB Kevin Feldman 0-0: Ball
1-0: Ball
2-0: Called Strike
2-1: Foul Ball, location: 2F
2-2: Strikes out swinging
Top of the 4th over - 0 runs, 1 hit, 0 errors, 0 left on base; Portland 1 - Roswell 4
BOTTOM OF THE 4TH
Roswell Invaders batting - Pitching for Portland Angels : RHP George Leroux
Batting: RHB Shing Mah 0-0: Foul Ball, location: 2F
0-1: Swinging Strike
0-2: Ball
1-2: Ball
2-2: Strikes out swinging
Batting: RHB Carlos Gonzalez 0-0: Ball
1-0: Ball
2-0: Ball
3-0: Base on Balls
Batting: LHB Andrew Moore 0-0: Called Strike
0-1: Foul Ball, location: 2F
0-2: Ball
1-2: Fly out, F3 (Line Drive, 34, EV 63.1 MPH)
Lined into DP, U3 (Line Drive, 34, EV 63.8 MPH)
Bottom of the 4th over - 0 runs, 0 hits, 0 errors, 0 left on base; Portland 1 - Roswell 4
TOP OF THE 5TH
Portland Angels batting - Pitching for Roswell Invaders : RHP Jason Maki
Batting: RHB Mario Martinez 0-0: Called Strike
0-1: Ball
1-1: Foul Ball, location: 2F
1-2: Ball
2-2: Strikes out swinging
Batting: RHB Carlos Gonzales 0-0: Ball
1-0: SOLO HOME RUN (Flyball, 7D, EV 95.6 MPH), Distance : 368 ft
Batting: LHB David Coatney 0-0: Foul Ball, location: 2F
0-1: Ball
1-1: Ball
2-1: Foul Ball, location: 2F
2-2: Strikes out swinging
Batting: RHB Dan Contreras 0-0: Ball
1-0: Ground out 4-3 (Groundball, 4M, EV 84.4 MPH)
Top of the 5th over - 1 run, 1 hit, 0 errors, 0 left on base; Portland 2 - Roswell 4
BOTTOM OF THE 5TH
Roswell Invaders batting - Pitching for Portland Angels : RHP George Leroux
Batting: RHB Dave Beerman 0-0: Ball
1-0: Called Strike
1-1: SINGLE (Groundball, 6MD, EV 99.4 MPH)
Batting: RHB Mike Smith 0-0: Called Strike
0-1: Ball
1-1: SINGLE (Line Drive, 9S, EV 90.6 MPH)
Dave Beerman to second
Runner from 2nd tries for 3rd, SAFE, throw by RF made to third
Pitching: RHP Victor Padilla
Batting: LHB Angelo Lira 0-0: Foul Ball, location: 2F
0-1: Called Strike
Mike Smith steals 2nd base
0-2: Ball
1-2: Ball
2-2: Foul Ball, location: 2F
2-2: Strikes out swinging
Batting: LHB Ivan Cortez 0-0: Swinging Strike
0-1: Ball
1-1: Called Strike
1-2: Strikes out swinging
Batting: RHB Homer Petropoulos 0-0: Ball
1-0: Called Strike
1-1: Swinging Strike
1-2: Fly out, F4 (Popup, 3S, EV 78.1 MPH)
Bottom of the 5th over - 0 runs, 2 hits, 0 errors, 2 left on base; Portland 2 - Roswell 4
TOP OF THE 6TH
Portland Angels batting - Pitching for Roswell Invaders : RHP Jason Maki
Batting: SHB Yuya Hirata 0-0: Ball
1-0: Ball
2-0: Fly out, F9 (Flyball, 9, EV 89.4 MPH)
Batting: LHB Ramon Garduno 0-0: Swinging Strike
0-1: Foul Ball, location: 2F
0-2: Strikes out swinging
Batting: RHB Alex Rosaly 0-0: Called Strike
0-1: Ball
1-1: Foul Ball, location: 2F
1-2: Strikes out swinging
Top of the 6th over - 0 runs, 0 hits, 0 errors, 0 left on base; Portland 2 - Roswell 4
BOTTOM OF THE 6TH
Roswell Invaders batting - Pitching for Portland Angels : RHP Victor Padilla
Batting: RHB Hidemitsu Matsuno 0-0: Swinging Strike
0-1: Ball
1-1: Ball
2-1: Ball
3-1: Called Strike
3-2: Strikes out swinging
Batting: RHB Shing Mah 0-0: Called Strike
0-1: Swinging Strike
0-2: Fly out, F8 (Flyball, 8LXD, EV 97.5 MPH)
Batting: RHB Carlos Gonzalez 0-0: Ground out 6-3 (Groundball, 56, EV 83.8 MPH)
Bottom of the 6th over - 0 runs, 0 hits, 0 errors, 0 left on base; Portland 2 - Roswell 4
TOP OF THE 7TH
Portland Angels batting - Pitching for Roswell Invaders : RHP Jason Maki
Batting: RHB Arnaud Derosiers 0-0: Fly out, F9 (Flyball, 89S, EV 85.0 MPH)
Batting: LHB Kevin Feldman 0-0: Ball
1-0: Ball
2-0: Called Strike
2-1: Foul Ball, location: 2F
2-2: Strikes out swinging
Batting: RHB Mario Martinez 0-0: Foul Ball, location: 2F
0-1: Ball
1-1: Called Strike
1-2: Strikes out swinging
Top of the 7th over - 0 runs, 0 hits, 0 errors, 0 left on base; Portland 2 - Roswell 4
BOTTOM OF THE 7TH
Roswell Invaders batting - Pitching for Portland Angels : RHP Victor Padilla
Batting: LHB Andrew Moore 0-0: Ball
1-0: Ball
2-0: Called Strike
2-1: Ground out 4-3 (Groundball, 4, EV 91.9 MPH)
Batting: RHB Dave Beerman 0-0: Ball
1-0: Called Strike
1-1: Foul Ball, location: 2F
1-2: Strikes out looking
Batting: RHB Mike Smith 0-0: Ball
1-0: Called Strike
1-1: Foul Ball, location: 2F
1-2: Strikes out swinging, 2-3 out at first.
Bottom of the 7th over - 0 runs, 0 hits, 0 errors, 0 left on base; Portland 2 - Roswell 4
TOP OF THE 8TH
Portland Angels batting - Pitching for Roswell Invaders : RHP Jason Maki
Batting: RHB Carlos Gonzales 0-0: Ball
1-0: Swinging Strike
1-1: Fly out, F9 (Line Drive, 9, EV 96.2 MPH)
Batting: LHB David Coatney 0-0: Called Strike
0-1: Swinging Strike
0-2: Foul Ball, location: 2F
0-2: Ground out 6-3 (Groundball, 6, EV 88.8 MPH)
Batting: RHB Dan Contreras 0-0: Ball
1-0: Called Strike
1-1: Foul Ball, location: 2F
1-2: Strikes out swinging
Top of the 8th over - 0 runs, 0 hits, 0 errors, 0 left on base; Portland 2 - Roswell 4
BOTTOM OF THE 8TH
Roswell Invaders batting - Pitching for Portland Angels : RHP Victor Padilla
Batting: LHB Angelo Lira 0-0: Ball
1-0: Ground out U3 (Groundball, 13, EV 77.5 MPH)
Batting: LHB Ivan Cortez 0-0: Called Strike
0-1: Ball
1-1: Called Strike
1-2: Fly out, F4 (Line Drive, 4, EV 65.0 MPH)
Batting: RHB Homer Petropoulos 0-0: Ball
1-0: Ball
2-0: Called Strike
2-1: Ground out 6-3 (Groundball, 56, EV 101.2 MPH)
Bottom of the 8th over - 0 runs, 0 hits, 0 errors, 0 left on base; Portland 2 - Roswell 4
TOP OF THE 9TH
Portland Angels batting - Pitching for Roswell Invaders : RHP Jason Maki
Pitching: LHP Bobby Manning
Batting: SHB Yuya Hirata 0-0: Called Strike
0-1: Called Strike
0-2: Ground out 6-3 (Groundball, 6, EV 86.9 MPH)
Batting: LHB Ramon Garduno 0-0: Foul Ball, location: 2F
0-1: Foul Ball, location: 2F
0-2: SINGLE (Groundball, 56D, EV 110.0 MPH)
Batting: RHB Alex Rosaly 0-0: Called Strike
0-1: Ball
1-1: SINGLE (Flyball, 9LS, EV 87.5 MPH)
Ramon Garduno to second
Batting: RHB Arnaud Derosiers 0-0: Fly out, F3 (Popup, 3F, EV 59.4 MPH)
Batting: LHB Kevin Feldman 0-0: Ball
1-0: Swinging Strike
1-1: Called Strike
1-2: Strikes out swinging
Top of the 9th over - 0 runs, 2 hits, 0 errors, 2 left on base; Portland 2 - Roswell 4
Thursday, December 15th , 2022 - OOTP Baseball 23.9 Build 102